 Dungeon Sprint DCSS version 0.27-a0-988-g25969acef8 (webtiles) character file.

Game seed: 1617482441329562460

9055 mhtbhm the Sorcerer (level 11, -8/59 HPs)
             Began as a Deep Elf Earth Elementalist on Apr 15, 2021.
             Was the Champion of Vehumet.
             Mangled by an elephant (17 damage)
             ... in the Dungeon (Sprint VII: "The Pits").
             The game lasted 00:06:56 (2842 turns).

mhtbhm the Sorcerer (Deep Elf Earth Elementalist)   Turns: 2842, Time: 00:06:57

Health: -8/59      AC:  3    Str:  8    XL:     11   Next: 18%
Magic:  14/38      EV: 18    Int: 24    God:    Vehumet [******]
Gold:   0          SH:  0    Dex: 15    Spells: 25/52 levels left

rFire    . . .     SeeInvis .   a - +4 quarterstaff (speed)
rCold    . . .     Faith    .   (shield currently unavailable)
rNeg     . . .     Spirit   .   c - +0 robe
rPois    .         Reflect  .   (no helmet)
rElec    .         Harm     .   r - +0 cloak
rCorr    .         Rampage  .   (no gloves)
Will     +....     NoTele   +   (no boots)
Stlth    +++.......             (no amulet)
HPRegen  0.19/turn              n - +3 ring of strength
MPRegen  0.26/turn              o - +3 ring of evasion

@: spiked
A: no striking features
a: Renounce Religion


You were in the Dungeon.
You worshipped Vehumet.
Vehumet was exalted by your worship.
You visited 1 branch

Inventory:

Hand Weapons
 a - a +4 quarterstaff of speed (weapon)
Missiles
 b - 33 stones
Armour
 c - a +0 robe (worn)
 r - a +0 cloak (worn)
Jewellery
 n - a +3 ring of strength (left hand)
 o - a +3 ring of evasion (right hand)
Scrolls
 i - a scroll of blinking
 j - 5 scrolls of amnesia
 k - a scroll of summoning
 l - 2 scrolls of vulnerability
Potions
 d - 6 potions of curing
 e - 14 potions of heal wounds
 f - a potion of haste
 g - 3 potions of magic
 h - 4 potions of berserk rage
 m - 2 potions of invisibility
 p - a potion of brilliance
 q - a potion of resistance


   Skills:
 + Level 2.6 Fighting
 + Level 7.1 Staves
 + Level 7.0 Dodging
 + Level 5.2 Stealth
 + Level 21.3 Spellcasting
 + Level 1.1 Conjurations
 + Level 3.3 Transmutations
 + Level 18.5 Earth Magic


You had 25 spell levels left.
You knew the following spells:

 Your Spells              Type           Power      Damage    Failure   Level
a - Sandblast             Erth           100%       2d20      0%          1
b - Passwall              Tmut/Erth      55%        N/A       1%          2
c - Stone Arrow           Conj/Erth      100%       3d13      1%          3
d - Lee's Rapid Deconstr  Erth           42%        3d22*     0%          5
e - Petrify               Tmut/Erth      67%        N/A       1%          4
f - Lightning Bolt        Conj/Air       14%        1d27      11%         5
g - Ozocubu's Refrigerat  Ice            12%        4d7       96%         7

Your spell library contained the following spells:

 Spells                   Type           Power      Damage    Failure   Level
 Iron Shot                Conj/Erth      32%        9d7       1%          6


Dungeon Overview and Level Annotations

Branches:
Dungeon (1/1)

Altars:
Ashenzari
Cheibriados
Dithmenos
Elyvilon
Fedhas
Gozag
Hepliaklqana
Kikubaaqudgha
Makhleb
Nemelex Xobeh
Okawaru
Qazlal
Ru
Sif Muna
Trog
Uskayaw
Vehumet
Wu Jian
Xom
Yredelemnul
Zin
The Shining One
Beogh
Jiyva
Lugonu


Message History

Fragment what (e.g. wall or brittle monster)?: a lindwurm An open door.
The stone door frame shatters!
The blast of rock fragments hits the lindwurm!!
The lindwurm is severely wounded.
The blast of rock fragments hits the smoke demon!!
The smoke demon is heavily wounded.
The blast of rock fragments hits the elephant.
The elephant is lightly wounded.
The smoke demon hits you! The smoke demon hits you.
The smoke demon completely misses you. The lindwurm breathes flames at you.
The blast of flame hits the smoke demon!
The smoke demon resists.
The blast of flame misses you.
Unknown command.
Unknown command.
Casting: Lee's Rapid Deconstruction (safe; 0% risk of failure)
Confirm with . or Enter, or press ? or * to list all spells.
Aiming: Lee's Rapid Deconstruction (safe; 0% risk of failure)
Press: ? - help, Dir - move target, f/p - lindwurm Fragment what (e.g. wall or brittle monster)?: a lindwurm (severely wounded, catching its breath)
An open door.
The stone door frame shatters!
The blast of rock fragments hits the lindwurm!!
You kill the lindwurm!
Vehumet accepts your kill.
Vehumet offers you knowledge of Iron Shot.
You feel your power returning.
The blast of rock fragments hits the smoke demon!
You kill the smoke demon!
Vehumet accepts your kill.
You feel your power returning. Vehumet accepts your kill.
You feel your power returning.
You feel a bit more experienced.
The manticore flicks its tail.
The volley of spikes hits you!!
The barbed spikes become lodged in your body.
* * * LOW HITPOINT WARNING * * *
The elephant tramples you!
You die...

..............##..# #..#
....#..#......##..# #..#
..............''..# #..#
..............''..##########..#
....#..#......##.[............#
..............##..............#
#'#####''######################
.....##''##############
.....##))[...#..@+))).#
.....##)..)###.Y†###Y..#
.<...##...##.+..)' .
.....##..##..##'##.
.....##..#..##...##H
.....##..#..#.....#..
#######..'.)'.....+ .'
#######..#).#.....# #.
#..[[##..#..##...##


You could see an elephant and a manticore.

Vanquished Creatures
  A minotaur (D)
  A boulder beetle (D)
  A spriggan druid (D)
  An orc knight (D)
  3 lindwurms (D)
  2 elephants (D)
  A smoke demon (D)
  A black mamba (D)
  A gargoyle (D)
  An eye of devastation (D)
  An orange demon (D)
  2 efreet (D)
  A rime drake (D)
  2 kobold demonologists (D)
  2 ice devils (D)
  A red devil (D)
  A hornet (D)
  A wind drake (D)
  A flying skull (D)
  A steam dragon (D)
  An acid dragon (D)
  2 floating eyes (D)
  An orc warrior (D)
  A sky beast (D)
  An ogre (D)
  A necrophage (D)
  3 wolves (D)
  A kobold brigand (D)
  A bullfrog (D)
  A quasit (D)
  2 orc priests (D)
  A gnoll shaman (D)
  A hound (D)
  Crazy Yiuf (D)
  3 orc wizards (D)
  A mummy (D)
  2 gnolls (D)
  An ufetubus (D)
  9 orcs (D)
  A bat zombie (D)
  A goblin (D)
  4 hobgoblins (D)
  3 kobolds (D)
  2 ball pythons (D)
  A jackal zombie (D)
  4 rats (D)
76 creatures vanquished.

Notes
Turn   | Place    | Note
-------+----------+-------------------------------------------
     0 | D        | mhtbhm the Deep Elf Earth Elementalist began the quest for
                  | the Orb.
     0 | D        | Reached XP level 1. HP: 10/10 MP: 6/6
    18 | D        | Found a bloodstained altar of Trog.
    18 | D        | Found a shimmering blue altar of Sif Muna.
    18 | D        | Found a viscous altar of Jiyva.
    18 | D        | Found a hazy altar of Hepliaklqana.
    18 | D        | Found an opulent altar of Gozag.
    19 | D        | Found a glowing golden altar of the Shining One.
    19 | D        | Found a glowing silver altar of Zin.
    19 | D        | Found a basalt altar of Yredelemnul.
    19 | D        | Found a shimmering altar of Xom.
    19 | D        | Found an ornate altar of the Wu Jian Council.
    19 | D        | Found a sacrificial altar of Ru.
    19 | D        | Found a stormy altar of Qazlal.
    19 | D        | Found an iron altar of Okawaru.
    19 | D        | Found a sparkling altar of Nemelex Xobeh.
    19 | D        | Found a burning altar of Makhleb.
    19 | D        | Found a blossoming altar of Fedhas.
    19 | D        | Found a white marble altar of Elyvilon.
    19 | D        | Found a shadowy altar of Dithmenos.
    19 | D        | Found a snail-covered altar of Cheibriados.
    21 | D        | Found a radiant altar of Vehumet.
    21 | D        | Found a corrupted altar of Lugonu.
    22 | D        | Found a hide-covered altar of Uskayaw.
    22 | D        | Found an ancient bone altar of Kikubaaqudgha.
    22 | D        | Found a broken altar of Ashenzari.
    31 | D        | Became a worshipper of Vehumet
    89 | D        | Noticed a floating eye
    92 | D        | Paralysed by a floating eye for 2 turns
    95 | D        | Paralysed by a floating eye for 2 turns
    97 | D        | Killed a floating eye
    97 | D        | Reached * piety under Vehumet
    97 | D        | Offered knowledge of Freeze by Vehumet.
    98 | D        | Reached skill level 1 in Staves
    98 | D        | Reached skill level 6 in Spellcasting
    98 | D        | Reached XP level 2. HP: 15/15 MP: 6/11
    98 | D        | Reached XP level 3. HP: 19/19 MP: 6/12
    98 | D        | Reached XP level 4. HP: 24/24 MP: 7/14
   153 | D        | Learned a level 2 spell: Passwall
   157 | D        | Learned a level 3 spell: Stone Arrow
   159 | D        | Reached ** piety under Vehumet
   265 | D        | Noticed a floating eye
   265 | D        | Noticed a necrophage
   377 | D        | Paralysed by a floating eye for 4 turns
   385 | D        | Killed a floating eye
   385 | D        | Offered knowledge of Shock by Vehumet.
   385 | D        | Reached *** piety under Vehumet
   386 | D        | Reached skill level 5 in Dodging
   386 | D        | Reached skill level 8 in Spellcasting
   386 | D        | Reached XP level 5. HP: 28/28 MP: 14/17
   387 | D        | Killed a necrophage
   388 | D        | Reached skill level 5 in Stealth
   388 | D        | Reached skill level 10 in Earth Magic
   388 | D        | Reached XP level 6. HP: 33/33 MP: 10/19
   394 | D        | Learned a level 5 spell: Lee's Rapid Deconstruction
   399 | D        | Learned a level 4 spell: Petrify
   451 | D        | Reached skill level 9 in Spellcasting
   460 | D        | Reached **** piety under Vehumet
   527 | D        | Offered knowledge of Conjure Flame by Vehumet.
   552 | D        | Noticed an acid dragon
   553 | D        | Killed an acid dragon
   554 | D        | Reached skill level 1 in Fighting
   554 | D        | Reached skill level 5 in Staves
   554 | D        | Reached skill level 10 in Spellcasting
   691 | D        | Reached ***** piety under Vehumet
   693 | D        | Reached XP level 7. HP: 39/39 MP: 19/22
   812 | D        | Noticed a flying skull
   814 | D        | Offered knowledge of Olgreb's Toxic Radiance by Vehumet.
   814 | D        | Noticed a gargoyle
   815 | D        | Killed a flying skull
   816 | D        | Reached skill level 11 in Spellcasting
   818 | D        | Killed a gargoyle
   819 | D        | Reached skill level 12 in Spellcasting
   819 | D        | Reached XP level 8. HP: 44/44 MP: 13/26
   997 | D        | Noticed a black mamba
   997 | D        | Noticed a kobold demonologist
  1003 | D        | Killed a black mamba
  1003 | D        | Offered knowledge of Iskenderun's Battlesphere by Vehumet.
  1004 | D        | Reached skill level 13 in Spellcasting
  1004 | D        | Killed a kobold demonologist
  1005 | D        | Reached skill level 14 in Spellcasting
  1183 | D        | Noticed a spriggan druid
  1183 | D        | Noticed an ice devil
  1185 | D        | Killed a spriggan druid
  1185 | D        | Offered knowledge of Lightning Bolt by Vehumet.
  1186 | D        | Reached skill level 15 in Spellcasting
  1186 | D        | Reached XP level 9. HP: 49/49 MP: 25/30
  1187 | D        | Killed an ice devil
  1188 | D        | Reached skill level 16 in Spellcasting
  1251 | D        | Noticed an efreet
  1254 | D        | Killed an efreet
  1254 | D        | Noticed a wind drake
  1256 | D        | Killed a wind drake
  1256 | D        | Reached ****** piety under Vehumet
  1257 | D        | Reached skill level 17 in Spellcasting
  1434 | D        | Noticed an eye of devastation
  1435 | D        | Noticed a kobold demonologist
  1436 | D        | Killed a kobold demonologist
  1437 | D        | Reached skill level 15 in Earth Magic
  1438 | D        | Killed an eye of devastation
  1614 | D        | Learned a level 5 spell: Lightning Bolt
  1619 | D        | Noticed a minotaur
  1620 | D        | Offered knowledge of Ozocubu's Refrigeration by Vehumet.
  1624 | D        | Killed a minotaur
  1625 | D        | Reached skill level 18 in Spellcasting
  1625 | D        | Reached XP level 10. HP: 27/54 MP: 5/34
  1834 | D        | Learned a level 7 spell: Ozocubu's Refrigeration
  1888 | D        | Reached skill level 19 in Spellcasting
  2013 | D        | Noticed a boulder beetle
  2016 | D        | Offered knowledge of Fireball by Vehumet.
  2329 | D        | Killed a boulder beetle
  2483 | D        | Noticed a lindwurm
  2485 | D        | Killed a lindwurm
  2486 | D        | Reached skill level 20 in Spellcasting
  2607 | D        | Noticed Crazy Yiuf
  2609 | D        | Killed Crazy Yiuf
  2612 | D        | Offered knowledge of Irradiate by Vehumet.
  2729 | D        | Noticed an orc knight
  2733 | D        | Noticed an orange demon
  2734 | D        | Killed an orc knight
  2736 | D        | Noticed a lindwurm
  2738 | D        | Killed an orange demon
  2739 | D        | Reached XP level 11. HP: 59/59 MP: 17/37
  2741 | D        | Killed a lindwurm
  2742 | D        | Reached skill level 21 in Spellcasting
  2840 | D        | Reached skill level 1 in Conjurations
  2840 | D        | Noticed a lindwurm
  2842 | D        | Killed a lindwurm
  2842 | D        | Offered knowledge of Iron Shot by Vehumet.
  2842 | D        | Mangled by an elephant

Illustrated notes

Levels and vault maps discovered:
D:        pitsprint [storerooms_1, entrance_room_1, metal_vault_6, armoury_1,
          mini_pit_1, grid_room_1, main_hall_1, silver_pit, the_coven_3,
          the_vestibule_1, steel_vault_1, golden_pit, hallway_of_sentries,
          crystal_vault_2, iron_vault_1, final_vault]

Skill      XL: |  1  2  3  4  5  6  7  8  9 10 11 |
---------------+----------------------------------+-----
Earth Magic    | 7 9 10 11 12 13 16 18 | 18.5
Staves         | 1 2 3 5 6 7 |  7.1
Dodging        | 4 5 6 7 |  7.0
Stealth        | 4 5 |  5.2
Spellcasting   | 6 8 10 12 15 18 20 21 | 21.3
Fighting       | 1 2 |  2.6
Transmutations | 2 3 |  3.3
Conjurations   | 1 |  1.1

Action                   |  1- 3 |  4- 6 |  7- 9 | 10-12 || total
-------------------------+-------+-------+-------+-------++-------
Melee: Quarterstaff      |     5 |     8 |       |     2 ||    15
 Cast: Sandblast         |     3 |     7 |       |       ||    10
       Stone Arrow       |       |     3 |     1 |     7 ||    11
       Lee's Rapid Decon |       |     4 |    25 |    40 ||    69
       Petrify           |       |       |       |     6 ||     6
  Use: Potion            |       |       |     1 |     1 ||     2
Dodge: Dodged            |       |     3 |     6 |    10 ||    19

Table legend: (Time is in decaauts)
 A = Elapsed time spent in this place.
 B = Non-inter-level travel time spent in this place.
 C = Inter-level travel time spent in this place.
 D = Time resting spent in this place.
 E = Time spent auto-exploring this place.
 F = Levels seen in this place.
 G = Mean time per level.
                   A        B        C        D        E       F      G
               +--------+--------+--------+--------+--------+-----+--------+
         Total |   2826 |   2826 |      0 |   2112 |     27 |   1 | 2826.0 |
       Dungeon |   2826 |   2826 |      0 |   2112 |     27 |   1 | 2826.0 |
               +--------+--------+--------+--------+--------+-----+--------+

Top non-repeatable levels by time:
       D: 2826 daAuts
